 Dungeon Crawl Stone Soup version 0.19-a0-1079-g88a7474 (webtiles) character file.

317 Kidiri the Magician (level 6, 0/32 HPs)
             Began as a Deep Elf Fire Elementalist on Aug 6, 2016.
             Slain by a jackal (3 damage)
             ... on level 3 of the Dungeon.
             The game lasted 00:09:54 (4052 turns).

Kidiri the Magician (Deep Elf Fire Elementalist)    Turns: 4052, Time: 00:09:56

Health: 0/32       AC:  2    Str:  5    XL:     6   Next: 20%
Magic:  1/17       EV: 13    Int: 22    God:
Gold:   147        SH:  0    Dex: 15    Spells: 5 memorised, 4 levels left

rFire  + . .     SeeInvis .     j - +1 dagger
rCold  . . .     Gourm    .     a - +0 robe
rNeg   . . .     Faith    .     (no shield)
rPois  .         Spirit   .     (no helmet)
rElec  .         Dismiss  .     (no cloak)
rCorr  .         Reflect  .     (no gloves)
SustAt .         Harm     .     (no boots)
MR     .....                    (no amulet)
Stlth  ++........               (no ring)
                                k - ring of protection from fire

@:
A: no striking features
a: no special abilities


You were on level 3 of the Dungeon.
You were hungry.

You visited 1 branch of the dungeon, and saw 3 of its levels.

You collected 147 gold pieces.

Inventory:

Hand Weapons
 j - a +1 dagger (weapon)
Armour
 a - a +0 robe (worn)
 l - a +0 leather armour
 o - a +0 large shield
Jewellery
 k - a ring of protection from fire (left hand)
Scrolls
 e - a scroll of magic mapping
 f - a scroll of recharging {unknown}
 p - 2 scrolls of remove curse
 s - 2 scrolls of teleportation
Potions
 d - a potion of magic {unknown}
 g - a potion of heal wounds {unknown}
 h - a potion of berserk rage {unknown}
 i - a potion of ambrosia {unknown}
 m - a potion of curing {unknown}
 n - a potion of might {unknown}
 q - a potion of agility {unknown}
 r - a potion of beneficial mutation {unknown}
Books
 b - a book of Flames

   Spells                             Type                      Level
   a - Flame Tongue                   Conjuration/Fire             1
   b - Throw Flame                    Conjuration/Fire             2
   c - Conjure Flame                  Conjuration/Fire             3
   d - Inner Flame                    Hexes/Fire                   3
   e - Sticky Flame                   Conjuration/Fire             4
   f - Fireball                       Conjuration/Fire             5
Comestibles
 c - 3 bread rations
 t - a chunk of flesh


   Skills:
 - Level 2.4 Dodging
 - Level 2.4 Stealth
 * Level 6.4 Spellcasting
 + Level 3.5 Conjurations
 + Level 4.8 Fire Magic


You had 4 spell levels left.
You knew the following spells:

 Your Spells              Type           Power        Failure   Level  Hunger
a - Flame Tongue          Conj/Fire      ####.        1%          1    None
b - Throw Flame           Conj/Fire      ####..       2%          2    None
c - Conjure Flame         Conj/Fire      ####....     6%          3    #......
d - Inner Flame           Hex/Fire       ###.....     12%         3    #......
e - Sticky Flame          Conj/Fire      ####....     17%         4    ###....


Dungeon Overview and Level Annotations

Branches:
Dungeon (3/15)

Altars:
Okawaru


Message History

The jackal bites you.
* * * LOW HITPOINT WARNING * * *
Casting: Flame Tongue
Confirm with . or Enter, or press ? or * to list all spells.
Aiming: Flame Tongue
Press: ? - help, Shift-Dir - straight line, f/p - jackal
Aim: a jackal (heavily wounded)
The flame tongue hits the jackal.
The jackal is severely wounded.
The jackal bites you.
* * * LOW HITPOINT WARNING * * *
Unknown command.
Casting: Flame Tongue
Confirm with . or Enter, or press ? or * to list all spells.
Aiming: Flame Tongue
Press: ? - help, Shift-Dir - straight line, f/p - jackal
Aim: a jackal (severely wounded)
Okay, then.
The jackal bites you.
You die...

#. #.....# )....
#..##.#.#.# ....
#.........# ### ...
##.##.#o### #.. .#
#......# #.# #.#
####.### #.# #.# #
##...## #.####.####..
##.....#####.##........
#.>.......o.h@......#
##.....#####.###...##
##...## #..(..(## ##.##
######.# ### #.#######
#.#.#.#.## ###########
#.#≈(≈≈≈≈## #.........#
#.'(.(..._# #.#######.#
#(#≈≈≈≈≈≈###


You could see an orc and a jackal.

Vanquished Creatures
  Jessica (D:3)
  Ijyb (D:2)
  Natasha (twice) (D:3)
  Terence (D:3)
  2 gnolls (D:3)
  5 adders
  An ooze (D:3)
  2 worms
  3 dart slugs (D:2)
  2 giant geckos
  13 orcs
  7 giant cockroaches
  14 goblins
  5 hobgoblins
  13 jackals
  8 kobolds
  A quokka (D:2)
  2 ball pythons
  2 bats
  4 giant newts
  12 rats
101 creatures vanquished.

Notes
Turn   | Place    | Note
-------+----------+-------------------------------------------
     0 | D:1      | Kidiri the Deep Elf Fire Elementalist began the quest for the Orb.
     0 | D:1      | Reached XP level 1. HP: 10/10 MP: 6/6
   303 | D:1      | Reached XP level 2. HP: 15/15 MP: 8/8
   307 | D:1      | Learned a level 2 spell: Throw Flame
   779 | D:1      | Reached skill level 4 in Spellcasting
   779 | D:1      | Reached XP level 3. HP: 16/19 MP: 1/10
   784 | D:1      | Learned a level 3 spell: Conjure Flame
   788 | D:1      | Learned a level 3 spell: Inner Flame
  1760 | D:2      | Found a faded altar of an unknown god.
  1973 | D:2      | Reached XP level 4. HP: 15/24 MP: 7/12
  2689 | D:2      | Noticed Ijyb
  2698 | D:2      | Killed Ijyb
  2698 | D:2      | Reached skill level 5 in Spellcasting
  2778 | D:2      | Learned a level 4 spell: Sticky Flame
  3126 | D:3      | Reached XP level 5. HP: 28/28 MP: 11/14
  3137 | D:3      | Noticed Jessica
  3141 | D:3      | Noticed Natasha
  3147 | D:3      | Killed Jessica
  3150 | D:3      | Killed Natasha
  3306 | D:3      | Noticed Terence
  3317 | D:3      | Killed Terence
  3728 | D:3      | Reached skill level 6 in Spellcasting
  3758 | D:3      | Reached XP level 6. HP: 10/32 MP: 0/17
  3767 | D:3      | Found an iron altar of Okawaru.
  3930 | D:3      | Noticed Natasha
  3932 | D:3      | Killed Natasha
  4052 | D:3      | Slain by a jackal

Vault maps used:
D:1:      dpeg_arrival_prison
D:2:      kennysheep_goblin_castle, ecumenical_altar_2, first_bread,
          wad_orctagon
D:3:      elyvilon_altar_5, okawaru_altar_gauntlet_db, uniq_jessica,
          uniq_terence, uniq_natasha

Skill      XL: |  1  2  3  4  5 |
---------------+----------------+-----
Spellcasting   | 4 5 6 |  6.4
Conjurations   | 2 3 |  3.5
Fire Magic     | 4 |  4.8
Dodging        | |  2.4
Stealth        | |  2.4

Action                   |  1- 3 |  4- 6 || total
-------------------------+-------+-------++-------
Melee: Unarmed           |     5 |       ||     5
       Dagger            |    27 |    21 ||    48
 Cast: Flame Tongue      |    65 |    83 ||   148
       Throw Flame       |     7 |    12 ||    19
       Sticky Flame      |       |     4 ||     4
       Inner Flame       |       |     3 ||     3
       Conjure Flame     |       |     2 ||     2
  Use: Scroll            |     6 |       ||     6
 Stab: Sleeping          |     2 |     1 ||     3
  Eat: Chunk             |     3 |     7 ||    10
Armor: Robe              |     3 |     7 ||    10
Dodge: Dodged            |    36 |    48 ||    84
